 Dungeon Crawl Stone Soup version 0.30.1-4-g462c640d31 (webtiles) character file.

Game seed: 13633257385664878821

581 Graphine the Scholar of Death (level 7, -8/38 (46) HPs)
             Began as a Human Necromancer on Sept 8, 2023.
             Was a Follower of Kikubaaqudgha.
             Mangled by Edmund
             ... wielding a +1 heavy dire flail
              (17 damage)
             ... on level 4 of the Dungeon.
             The game lasted 00:17:59 (3047 turns).

Graphine the Scholar of Death (Human Necromancer)   Turns: 3047, Time: 00:17:59

HP:   -8/38 (46)    AC:  7    Str: 10    XL:     7   Next: 63%
MP:   7/12          EV: 11    Int: 16    God:    Kikubaaqudgha [*.....]
Gold: 210           SH:  0    Dex: 13    Spells: 3/12 levels left

rFire   . . .        p - +3 quarterstaff (chaos)
rCold   . . .        (shield currently unavailable)
rNeg    . . .        d - +0 ring mail
rPois   .            (no helmet)
rElec   .            q - +1 cloak
rCorr   .            (no gloves)
SInv    .            (no boots)
Will    .....        (no amulet)
Stlth   +            (no ring)
HPRegen 0.26/turn    (no ring)
MPRegen 0.13/turn

%: no passive effects
@: mighty, animating dead, heavily drained
A: no striking features
a: Renounce Religion, Unearth Wretches


You were on level 4 of the Dungeon.
You worshipped Kikubaaqudgha.
Kikubaaqudgha was aware of your devotion.
You visited 1 branch of the dungeon, and saw 4 of its levels.

You collected 210 gold pieces.

Inventory:

Hand Weapons
 a - a +1 dagger of electrocution
 e - a +0 halberd
 m - a +0 scythe
 p - a +3 quarterstaff of chaos (weapon)
Armour
 d - a +0 ring mail (worn)
 k - a +0 kite shield
 q - a +1 cloak (worn)
Wands
 b - a wand of polymorph (1)
 n - a wand of flame (23) (quivered)
Scrolls
 f - 2 scrolls of immolation {unknown}
 h - 3 scrolls of vulnerability
 i - a scroll of fog {unknown}
 l - 2 scrolls of teleportation
Potions
 g - 3 potions of resistance {unknown}
 j - 2 potions of haste {unknown}
 o - a potion of attraction {unknown}


   Skills:
 - Level 1.0 Short Blades
 - Level 2.1(2.2) Polearms
 + Level 0.7(1.5) Staves
 + Level 2.5 Armour
 + Level 3.6 Dodging
 - Level 2.2 Stealth
 + Level 3.4 Spellcasting
 * Level 5.9 Necromancy


You had 3 spell levels left.
You knew the following spells:

 Your Spells              Type           Power      Damage    Failure   Level
a - Necrotise             Necr           84%        1d8       3%          1
b - Vampiric Draining     Necr           21%        2d7       11%         3
c - Animate Dead          Necr           21%        N/A       36%         4
d - Kiss of Death         Conj/Necr      48%        2d9       13%         1

Your spell library contained the following spells:

 Spells                   Type           Power      Damage    Failure   Level
 Sublimation of Blood     Necr           21%        N/A       5%          2
 Apportation              Tloc           4%         N/A       41%         1
 Magic Dart               Conj           8%         1d3       41%         1
 Summon Small Mammal      Summ           8%         N/A       41%         1
 Searing Ray              Conj           4%         2d4       54%         2
 Wereblood                Tmut           2%         N/A       54%         2
 Frozen Ramparts          Ice            4%         1d1       78%         3
 Gell's Gravitas          Tloc           2%         N/A       78%         3
 Teleport Other           Tloc           2%         N/A       78%         3
 Vhi's Electric Charge    Tloc/Air       4%         N/A       78%         3
 Agony                    Necr           21%        N/A       71%         5
 Fulminant Prism          Conj/Hex       1%         3d5       99%         4
 Ice Form                 Ice/Tmut       2%         N/A       99%         4
 Summon Ice Beast         Ice/Summ       2%         N/A       99%         4
 Arcjolt                  Conj/Air       1%         1d11      100%        5
 Dispersal                Tloc           1%         N/A       100%        6
 Plasma Beam              Fire/Air       1%         2x1d12    100%        6
 Summon Hydra             Summ           1%         N/A       100%        7
 Chain Lightning          Conj/Air       1%         3d1       100%        9
 Fire Storm               Conj/Fire      1%         7d1       100%        9
 Shatter                  Erth           1%         3d5*      100%        9


Dungeon Overview and Level Annotations

Branches:
Dungeon (4/15)
 Temple: D:4-7

Altars:
Kikubaaqudgha
Makhleb
Okawaru
Qazlal
Yredelemnul

Shops:
D:3 (

Annotations:
D:4 Edmund


Message History

Press: ? - help, Shift-Dir - straight line, f/p - Edmund
Aim: Edmund, wielding a +1 heavy dire flail and wearing a +0 ring mail (moderately wounded, 100% to hit)
The negative energy hits Edmund.
Edmund is drained!
Edmund is heavily wounded.
You feel drained.
Edmund hits you with a +1 heavy dire flail!
An orc comes into view. It is wielding a +0 mace.
Casting: Kiss of Death (safe; 13% risk of failure)
Confirm with . or Enter, or press ? or * to list all spells.
Aiming: Kiss of Death (safe; 13% risk of failure)
Press: ? - help, Shift-Dir - straight line, f/p - Edmund
Aim: Edmund, wielding a +1 heavy dire flail and wearing a +0 ring mail (heavily wounded, lightly drained, 100% to hit)
Okay, then.
You hit Edmund. You burn Edmund.
Edmund is severely wounded.
The endoplasm hits you but does no damage.
Casting: Kiss of Death (safe; 13% risk of failure)
Confirm with . or Enter, or press ? or * to list all spells.
The spell is extremely dangerous to miscast (36% risk of failure)!
Continue anyway?
You dismiss your zombies and call upon the dead to rise afresh.
Your kobold zombie crumbles into dust!
Edmund drinks a potion.
Edmund is healed!
The endoplasm freezes you.
You are frozen.
Unknown command.
You feel very mighty all of a sudden.
Edmund hits you with a +1 heavy dire flail!
* * * LOW HITPOINT WARNING * * *
The endoplasm hits you.
* * * LOW HITPOINT WARNING * * *
Okay, then.
Okay, then.
You sock Edmund! You freeze Edmund.
Edmund is severely wounded.
Edmund drinks a potion.
Edmund is healed!
The endoplasm completely misses you.
You hit Edmund. You burn Edmund.
Edmund is severely wounded.
Edmund hits you with a +1 heavy dire flail!
You die...
Kikubaaqudgha rasps: "You have failed me!
Welcome... death!"

#### #...# ... .... ...#
##..# ..## ...##...#
##......# ##.......## ##
.###.o@#.#...##..##
......J@...#...#....#
.......##..#........##
....o..###...........##
.$....................##
......(................#
.........##...##.......#
...#...###.....#..###...
#..###...#.#.........


You could see Edmund (drained), 2 orcs and an endoplasm.

Vanquished Creatures
  Sigmund (D:3)
  An ogre (D:4)
  A hound (D:3)
  Ijyb (D:3)
  Natasha (thrice) (D:3)
  Terence (D:3)
  3 gnolls (D:3)
  4 adders
  3 worms
  4 dart slugs
  3 orcs (D:4)
  8 endoplasms
  2 giant cockroaches
  3 goblins
  8 hobgoblins
  6 jackals
  8 kobolds
  2 quokkas
  5 ball pythons
  10 bats
  3 frilled lizards (D:1)
  5 rats
85 creatures vanquished.

Vanquished Creatures (collateral kills)
  A gnoll (D:3)
  An adder (D:4)
  A jackal (D:3)
  2 ball pythons (D:4)
  2 frilled lizards
  2 goblins (D:2)
  2 kobolds
11 creatures vanquished.

Vanquished Creatures (others)
  A ball python zombie (D:4)
  2 kobold zombies (D:4)
  A quokka zombie (D:4)
4 creatures vanquished.

Grand Total: 100 creatures vanquished

Notes
Turn   | Place    | Note
-------+----------+-------------------------------------------
     0 | D:1      | Graphine the Human Necromancer began the quest for the Orb.
     0 | D:1      | Reached XP level 1. HP: 13/13 MP: 3/3
    72 | D:1      | Reached XP level 2. HP: 16/19 MP: 5/5
   250 | D:1      | Reached XP level 3. HP: 20/24 MP: 4/6
  1110 | D:2      | Reached XP level 4. HP: 10/30 MP: 3/7
  1324 | D:2      | Reached skill level 1 in Short Blades
  1324 | D:2      | Reached skill level 1 in Armour
  1434 | D:2      | Found an ancient bone altar of Kikubaaqudgha.
  1443 | D:2      | Became a worshipper of Kikubaaqudgha
  1456 | D:2      | Learned a level 3 spell: Vampiric Draining
  1893 | D:2      | Reached XP level 5. HP: 35/35 MP: 8/8
  1992 | D:3      | Noticed Ijyb
  2024 | D:3      | Killed Ijyb
  2037 | D:3      | Found a burning altar of Makhleb.
  2052 | D:3      | Noticed Natasha
  2070 | D:3      | Killed Natasha
  2085 | D:3      | Found a runed translucent door.
  2086 | D:3      | Noticed Crazy Yiuf
  2136 | D:3      | Reached skill level 1 in Polearms
  2140 | D:3      | Reached skill level 5 in Necromancy
  2172 | D:3      | Reached XP level 6. HP: 4/41 MP: 1/10
  2384 | D:3      | Noticed Natasha
  2391 | D:3      | Killed Natasha
  2391 | D:3      | Reached * piety under Kikubaaqudgha
  2391 | D:3      | Received a gift from Kikubaaqudgha
  2396 | D:3      | Noticed Terence
  2402 | D:3      | Killed Terence
  2419 | D:3      | Found Piast's Antique Weapon Shop.
  2447 | D:3      | Found an iron altar of Okawaru.
  2447 | D:3      | Noticed Sigmund
  2461 | D:3      | Killed Sigmund
  2462 | D:3      | Reached XP level 7. HP: 36/46 MP: 7/11
  2564 | D:3      | Noticed Natasha
  2570 | D:3      | Killed Natasha
  2677 | D:3      | Crazy Yiuf changed into Crazy Yiuf the hound
  2677 | D:3      | Noticed Crazy Yiuf
  2682 | D:3      | Killed Crazy Yiuf the hound
  2761 | D:3      | Learned a level 4 spell: Animate Dead
  2763 | D:3      | Learned a level 1 spell: Kiss of Death
  2877 | D:4      | Found a stormy altar of Qazlal.
  2955 | D:4      | Found a basalt altar of Yredelemnul.
  3035 | D:4      | Noticed Edmund
  3047 | D:4      | Mangled by Edmund

Illustrated notes

Levels and vault maps discovered:
D:1:      erik_arrival_cave_to_civilisation [erik_arrival_cave_to_hall],
          layout_basic, kennysheep_minor_cross, roderic_roman_lattice,
          minivault_11, chequers_serial_rivers_room_a
D:2:      layout_loops_ring, basic_altar, minmay_increasing_density
D:3:      layout_rooms, lemuel_crystal_altar, mainiacjoe_overflow_cross_hatched,
          serial_shops, shop_fountains, supply_closet_lemuel, uniq_sigmund,
          uniq_terence, uniq_ijyb, uniq_crazy_yiuf_cottage, uniq_natasha
D:4:      layout_cave_pools, nicolae_overflow_crystal_walls,
          nicolae_overflow_hidden_temple, minmay_starry_boxes, uniq_edmund

Skill      XL: |  1  2  3  4  5  6  7 |
---------------+----------------------+-----
Short Blades   | 1 |  1.0
Armour         | 1 2 |  2.5
Polearms       | 1 2 |  2.1
Necromancy     | 5 |  5.9
Dodging        | 3 |  3.6
Spellcasting   | 3 |  3.4
Staves         | |  0.7
Stealth        | |  2.2

Action                     |  1- 3 |  4- 6 |  7- 9 || total
---------------------------+-------+-------+-------++-------
  Melee: Dagger            |     6 |    85 |     4 ||    95
         Short sword       |    54 |    55 |       ||   109
         Unarmed           |       |    11 |       ||    11
         Quarterstaff      |       |       |    39 ||    39
   Cast: Necrotise         |    25 |    39 |     3 ||    67
         Vampiric Draining |       |     1 |       ||     1
         Animate Dead      |       |       |     2 ||     2
         Kiss of Death     |       |       |     1 ||     1
  Evoke: Wand              |       |       |    16 ||    16
    Use: Scroll            |     3 |     2 |     1 ||     6
         Potion            |       |     3 |     1 ||     4
   Stab: Sleeping          |     2 |     1 |       ||     3
         Distracted        |     1 |       |       ||     1
 Armour: Ring mail         |    18 |    26 |    27 ||    71
         Robe              |     1 |       |       ||     1
         Skin              |       |    47 |       ||    47
  Dodge: Dodged            |    31 |    73 |    21 ||   125
